 Dungeon Crawl Stone Soup version 0.21-a0-444-g29a2fec (webtiles) character file.

7802 esteth the Covert (level 11, -2/46 (47) HPs)
             Began as a Spriggan Enchanter on Nov 17, 2017.
             Was an Initiate of Dithmenos.
             Slain by a yak (17 damage)
             ... on level 1 of the Lair of Beasts.
             The game lasted 00:29:26 (13637 turns).

esteth the Covert (Spriggan Enchanter)             Turns: 13637, Time: 00:29:27

HP:   -2/46 (47)    AC:  2    Str:  4    XL:     11   Next: 1%
MP:   4/16          EV: 18    Int: 19    God:    Dithmenos [......]
Gold: 476           SH:  0    Dex: 18    Spells: 9/15 levels left

rFire    + . .     SeeInvis +   n - +2 short sword (distort)
rCold    . . .     Gourm    .   (shield restricted)
rNeg     . . .     Faith    .   b - +0 robe
rPois    .         Spirit   .   (helmet restricted)
rElec    .         Reflect  .   r - scarf {repulsion}
rCorr    .         Harm     .   (gloves unavailable)
MR       +....                  (boots unavailable)
Stlth    ++++++....             (no amulet)
HPRegen  0.15/turn              H - ring of protection from fire
MPRegen  0.15/turn              d - ring of wizardry

@: repel missiles, very quick
A: unfitting armour, see invisible, herbivore 3, speed 3, slow metabolism 2
a: Renounce Religion


You were on level 1 of the Lair of Beasts.
You worshipped Dithmenos.
Dithmenos was noncommittal.
You were near starving.

You visited 3 branches of the dungeon, and saw 12 of its levels.

You collected 476 gold pieces.

Inventory:

Hand Weapons
 a - a +1 dagger
 k - a +1 dagger of protection
 n - a +2 short sword of distortion (weapon)
Armour
 b - a +0 robe (worn)
 r - a scarf of repulsion (worn)
 K - the +2 robe "Cuckuf" {Str-4 Dex+5}
   (You found it on level 1 of the Lair of Beasts)

   It affects your strength (-4).
   It affects your dexterity (+5).
Jewellery
 d - a ring of wizardry (right hand)
 s - an uncursed ring of positive energy
 H - a ring of protection from fire (left hand)
Wands
 F - a wand of flame (9/48)
 I - a wand of polymorph (10/24)
 J - a wand of iceblast (5/15)
 L - a wand of enslavement (17/24)
Scrolls
 f - a scroll of fear {unknown}
 g - 4 scrolls of teleportation {unknown}
 h - a scroll of enchant weapon {unknown}
 i - a scroll of blinking {unknown}
 j - 12 scrolls of identify {unknown}
 m - 5 scrolls of recharging {unknown}
 p - 2 scrolls of magic mapping {unknown}
 t - 5 scrolls of remove curse {unknown}
 x - 2 scrolls of immolation {unknown}
 y - 2 scrolls of noise {unknown}
 C - a scroll of enchant armour {unknown}
 D - 2 scrolls of amnesia {unknown}
Potions
 e - 4 potions of curing {unknown}
 o - 2 potions of brilliance {unknown}
 q - a potion of might
 v - a potion of degeneration {unknown}
 w - 2 potions of heal wounds {unknown}
 A - a potion of cancellation {unknown}
 B - a potion of ambrosia {unknown}
Books
 c - a book of Maledictions

   Spells                             Type                      Level
   a - Corona                         Hexes                        1
   b - Ensorcelled Hibernation        Hexes/Ice                    2
   c - Confuse                        Hexes                        3
   d - Tukima's Dance                 Hexes                        3
   e - Dazzling Spray                 Conjuration/Hexes            3
 E - a book of Changes

   Spells                             Type                      Level
   a - Beastly Appendage              Transmutation                1
   b - Sticks to Snakes               Transmutation                2
   c - Spider Form                    Transmutation/Poison         3
   d - Ice Form                       Ice/Transmutation            4
   e - Blade Hands                    Transmutation                5
 G - a book of Battle

   Spells                             Type                      Level
   a - Infusion                       Charms                       1
   b - Shroud of Golubria             Charms/Translocation         2
   c - Song of Slaying                Charms                       2
   d - Spectral Weapon                Hexes/Charms                 3
   e - Regeneration                   Charms/Necromancy            3
Comestibles
 l - 8 fruits
 u - 3 royal jellies
 z - 5 bread rations


   Skills:
 + Level 8.5 Short Blades
 - Level 3.0 Dodging
 + Level 13.9 Stealth
 - Level 2.6 Spellcasting
 + Level 10.9 Hexes
 + Level 7.2 Ice Magic


You had 9 spell levels left.
You knew the following spells:

 Your Spells              Type           Power        Failure   Level  Hunger
a - Corona                Hex            #####..      1%          1    None
b - Ensorcelled Hibernat  Hex/Ice        #####.       1%          2    ##.....
c - Confuse               Hex            #####...     1%          3    ###....


Dungeon Overview and Level Annotations

Branches:
Dungeon (10/15)            Temple (1/1) D:6            Lair (1/6) D:9
    Orc (0/2) D:9

Altars:
Ashenzari
Cheibriados
Dithmenos
Elyvilon
Fedhas
Gozag
Hepliaklqana
Kikubaaqudgha
Nemelex Xobeh
Okawaru
Qazlal
Ru
Sif Muna
Trog
Uskayaw
Vehumet
Wu Jian
Xom
Yredelemnul
Zin
The Shining One


Innate Abilities, Weirdness & Mutations

You are very small and have problems with some larger weapons.
You are too small for most types of armour.
You have supernaturally acute eyesight. (SInv)
You are a herbivore.
You cover ground extremely quickly.
You need consume almost no food.


Message History

Press: ? - help, Shift-Dir - straight line, f/p - yak
Aim: a yak (chance to defeat MR: 65%)
The yak resists with significant effort.
You are near starving!
The yak gores you!
Casting: Ensorcelled Hibernation
Confirm with . or Enter, or press ? or * to list all spells.
Aiming: Ensorcelled Hibernation
Press: ? - help, Shift-Dir - straight line, f/p - yak
Aim: a yak (chance to defeat MR: 65%)
The yak resists with significant effort.
The yak gores you!
Casting: Ensorcelled Hibernation
Confirm with . or Enter, or press ? or * to list all spells.
Aiming: Ensorcelled Hibernation
Press: ? - help, Shift-Dir - straight line, f/p - yak
Aim: a yak (chance to defeat MR: 65%)
The yak resists with significant effort.
The yak gores you!
You die...

#.....# #...#
##....# #P..# #....#
##..## # #....#
#...# # #....#
##..## # #....#
#...P#
#....########..####
#...Y##.#.###..##.##
#..@†...........Y...
#.####......Y.......
#.# ##..............
#.# #...............
#.# ##....###.#####.
#.# #...## ### #..
#.####...# #P.
#..##P...# ##.
##.###....## ##.


You could see a yak.

Vanquished Creatures
  A hydra (Lair:1)
  3 two-headed ogres
  2 hippogriffs
  A wyvern (D:9)
  4 yaks (Lair:1)
  A spriggan (D:7)
  A basilisk (Lair:1)
  Edmund (D:5)
  A water moccasin (D:7)
  Duvessa (D:4)
  A phantom (D:8)
  An eye of draining (D:8)
  2 sky beasts
  6 ogres
  A necrophage (D:5)
  3 centaurs
  A crocodile (Lair:1)
  8 bullfrogs
  2 big kobolds
  Dowan (D:4)
  5 howler monkeys
  3 crimson imps
  2 hounds
  A quasit (D:8)
  A bullfrog skeleton (D:7)
  A jelly (D:8)
  A gnoll shaman (D:5)
  4 orc priests
  6 iguanas
  6 orc wizards
  6 worker ants
  A mummy (D:8)
  7 gnolls
  13 adders
  2 adder zombies
  An ooze (D:5)
  2 adder skeletons
  A worm (D:2)
  A dart slug (D:3)
  7 leopard geckos
  41 orcs
  4 giant cockroaches
  4 goblins
  10 hobgoblins
  7 quokkas
  2 ball pythons (D:3)
  5 bats
  5 frilled lizards
  A jackal zombie (D:8)
  14 kobolds
  A leopard gecko zombie (D:8)
  6 rats
213 creatures vanquished.

Vanquished Creatures (others)
  A bullfrog (D:8)
  A hound (D:9)
  A bullfrog skeleton (D:4)
  A worker ant (D:6)
  A hound zombie (D:9)
  A gnoll (D:4)
  An adder (D:4)
  A worm (D:4)
  4 orcs
12 creatures vanquished.

Grand Total: 225 creatures vanquished

Notes
Turn   | Place    | Note
-------+----------+-------------------------------------------
     0 | D:1      | esteth the Spriggan Enchanter began the quest for the Orb.
     0 | D:1      | Reached XP level 1. HP: 9/9 MP: 5/5
   241 | D:1      | Reached skill level 5 in Stealth
   424 | D:1      | Reached XP level 2. HP: 11/13 MP: 6/6
   474 | D:1      | Learned a level 2 spell: Ensorcelled Hibernation
  2003 | D:2      | Reached XP level 3. HP: 16/16 MP: 8/8
  2271 | D:2      | Reached skill level 6 in Stealth
  2449 | D:2      | Found an iron altar of Okawaru.
  2464 | D:2      | Reached skill level 1 in Ice Magic
  2699 | D:2      | Found an ornate altar of the Wu Jian Council.
  2988 | D:2      | Found a bloodstained altar of Trog.
  2989 | D:2      | Found an opulent altar of Gozag.
  3286 | D:3      | Reached XP level 4. HP: 21/21 MP: 9/9
  3970 | D:3      | Noticed a hornet
  3995 | D:4      | Reached XP level 5. HP: 24/24 MP: 10/10
  4301 | D:4      | Noticed an ogre
  4305 | D:4      | Killed an ogre
  4305 | D:4      | Reached skill level 7 in Stealth
  4305 | D:4      | Reached skill level 5 in Hexes
  4642 | D:4      | Reached XP level 6. HP: 25/28 MP: 11/11
  4799 | D:4      | Noticed Duvessa
  4799 | D:4      | Noticed Dowan
  4878 | D:4      | Killed Duvessa
  4878 | D:4      | Reached skill level 8 in Stealth
  5776 | D:4      | Killed Dowan
  5776 | D:4      | Reached XP level 7. HP: 32/32 MP: 7/12
  5847 | D:5      | Entered Level 5 of the Dungeon
  6140 | D:5      | Learned a level 3 spell: Confuse
  6153 | D:5      | Noticed Edmund
  6370 | D:5      | Reached skill level 9 in Stealth
  6606 | D:5      | Killed Edmund
  6995 | D:5      | Noticed a hungry ghost
  7109 | D:5      | Reached XP level 8. HP: 17/35 MP: 0/13
  7654 | D:6      | Found a staircase to the Ecumenical Temple.
  7674 | Temple   | Entered the Ecumenical Temple
  7930 | D:6      | Reached skill level 10 in Stealth
  8741 | D:6      | Found a shimmering altar of Xom.
  9195 | D:7      | Reached skill level 5 in Short Blades
  9195 | D:7      | Reached XP level 9. HP: 38/38 MP: 14/14
  9463 | D:7      | Reached skill level 11 in Stealth
  9486 | D:7      | Reached skill level 5 in Ice Magic
 10149 | D:8      | Found an ancient bone altar of Kikubaaqudgha.
 10163 | D:8      | Noticed a two-headed ogre
 10172 | D:8      | Killed a two-headed ogre
 10316 | D:8      | Found a sacrificial altar of Ru.
 10674 | D:8      | Reached skill level 12 in Stealth
 11142 | D:8      | Found a deep blue altar of Sif Muna.
 11478 | D:8      | Found a snail-covered altar of Cheibriados.
 11536 | D:9      | Noticed a two-headed ogre
 11543 | D:9      | Killed a two-headed ogre
 11543 | D:9      | Reached XP level 10. HP: 43/43 MP: 12/15
 11673 | D:9      | Found a staircase to the Orcish Mines.
 11842 | D:9      | Reached skill level 10 in Hexes
 11987 | D:9      | Found a staircase to the Lair.
 12166 | D:9      | Reached skill level 13 in Stealth
 12172 | D:9      | Noticed a two-headed ogre
 12182 | D:9      | Killed a two-headed ogre
 12352 | D:9      | Found a shadowy altar of Dithmenos.
 12355 | D:9      | Became a worshipper of Dithmenos the Shadowed
 12510 | D:10     | Entered Level 10 of the Dungeon
 12832 | Lair:1   | Entered Level 1 of the Lair of Beasts
 13316 | Lair:1   | Got a faintly humming robe
 13327 | Lair:1   | Identified the +2 robe "Cuckuf" {Str-4 Dex+5} (You found it on level 1 of the Lair of Beasts)
 13327 | Lair:1   | Lost strength.
 13422 | Lair:1   | Noticed a four-headed hydra
 13429 | Lair:1   | Killed a four-headed hydra
 13633 | Lair:1   | Reached XP level 11. HP: 32/46 MP: 11/16
 13637 | Lair:1   | Slain by a yak

Vault maps used:
D:1:      tarquinn_simple_flora_water_b, serial_park_tiny_pond, st_stairs_13,
          minmay_misc_feat_secret_circle
D:2:      okawaru_gym_becter, nicolae_overflow_hidden_temple,
          gammafunk_temple_overflow_statue
D:3:      overflow_temple_1_default, kennysheep_generic_room_5
D:4:      uniq_duvessa
D:5:      first_bread, roderic_lattice_a, uniq_edmund
D:6:      tgw_xom, minmay_temple_entry_large_hall
D:7:      the_bakery
D:8:      lemuel_crystal_altar, slow_altar_2, old_standard_altar,
          kennysheep_pointless_box, led_sif_pool
D:9:      lemuel_crystal_altar, lair_entry_dummy, david_orc_2
D:10:     hangedman_abyss_or_decor_passed, nicolae_wwwww
Temple:   hc_temple_tempest_star
Lair:1:   grunt_megastairs_2

Skill      XL: |  1  2  3  4  5  6  7  8  9 10 |
---------------+-------------------------------+-----
Stealth        | 5 6 7 8 9 10 12 13 | 13.9
Hexes          | 4 5 6 7 8 9 10 | 10.9
Ice Magic      | 1 2 3 4 6 7 |  7.2
Short Blades   | 3 5 7 8 |  8.5
Dodging        | |  3.0
Spellcasting   | |  2.6

Action                   |  1- 3 |  4- 6 |  7- 9 | 10-12 || total
-------------------------+-------+-------+-------+-------++-------
Melee: Dagger            |   144 |       |       |       ||   144
       Short sword       |    33 |   111 |   295 |   119 ||   558
 Cast: Ensorcelled Hiber |     2 |    10 |    26 |    23 ||    61
       Corona            |     2 |       |       |       ||     2
       Confuse           |       |       |     4 |       ||     4
  Use: Potion            |       |       |       |     1 ||     1
 Stab: Sleeping          |    14 |     9 |    38 |    17 ||    78
       Distracted        |       |     2 |     6 |     3 ||    11
  Eat: Bread ration      |       |     1 |     1 |       ||     2
       Fruit             |       |       |     1 |       ||     1
Armor: Robe              |    18 |     6 |    13 |     3 ||    40
Dodge: Dodged            |   114 |    74 |   151 |    61 ||   400
       Deflected         |       |     1 |     1 |       ||     2

Table legend:
 A = Spawn XP
 B = Non-spawn XP
 C = Spawn XP percentage of total XP
 D = Spawn monster count
 E = Non-spawn monster count
 F = Spawn count percentage of total count
 G = Total turns spent on level
                    A         B        C        D         E        F      G
               +---------+---------+-------+---------+---------+-------+---------
         Total |       0 |   11146 |   0.0 |       0 |     225 |   0.0 | 13637
               +---------+---------+-------+---------+---------+-------+---------
           D:1 |       0 |      27 |   0.0 |       0 |      17 |   0.0 |  1973
           D:2 |       0 |      61 |   0.0 |       0 |      23 |   0.0 |  1054
           D:3 |       0 |     106 |   0.0 |       0 |      21 |   0.0 |   955
           D:4 |       0 |     560 |   0.0 |       0 |      19 |   0.0 |  1865
           D:5 |       0 |     783 |   0.0 |       0 |      28 |   0.0 |  1534
           D:6 |       0 |     766 |   0.0 |       0 |      24 |   0.0 |  1283
           D:7 |       0 |     933 |   0.0 |       0 |      21 |   0.0 |  1323
           D:8 |       0 |    2069 |   0.0 |       0 |      29 |   0.0 |  1388
           D:9 |       0 |    3276 |   0.0 |       0 |      33 |   0.0 |  1268
          D:10 |       0 |     250 |   0.0 |       0 |       1 |   0.0 |    33
        Lair:1 |       0 |    2315 |   0.0 |       0 |       9 |   0.0 |   805
               +---------+---------+-------+---------+---------+-------+---------
